| TOP OF THE 1ST |
|
University of North Carolina at Chapel Hill Tar Heels batting - Pitching for Stanford University Cardinal : RHP Jesus Hernandez
|
|
Pitching: RHP Jesus Hernandez
|
|
|
Batting: SHB Ryan Marsh
|
0-0: Called Strike 0-1: Ball 1-1: Swinging Strike 1-2: Strikes out looking
|
|
Batting: RHB Bill Atley
|
0-0: Called Strike 0-1: Ball 1-1: Foul Ball, location: 2F 1-2: Ball 2-2: Ball 3-2: Ground out 1-3 (Groundball, 34S, EV 70.6 MPH)
|
|
Batting: RHB Michael Houseman
|
0-0: Called Strike 0-1: Fly out, F3 (Popup, 3S, EV 78.8 MPH)
|
| Top of the 1st over - 0 runs, 0 hits, 0 errors, 0 left on base; University of North Carolina at Chapel Hill 0 - Stanford University 0 |
| BOTTOM OF THE 1ST |
|
Stanford University Cardinal batting - Pitching for University of North Carolina at Chapel Hill Tar Heels : LHP Gary Tuckfard
|
|
Pitching: LHP Gary Tuckfard
|
|
|
Batting: RHB John Van der Linden
|
0-0: Called Strike 0-1: Foul Ball, location: 2F 0-2: Foul Ball, location: 2F 0-2: Ball 1-2: SINGLE (Groundball, 2L, EV 70.6 MPH) (infield hit)
|
|
Batting: RHB Joe Gabriel
|
0-0: Ball 1-0: Ball 2-0: Grounds into double play, 6-4-3 (Groundball, 6, EV 85.6 MPH)
|
|
Batting: RHB Joe Petley
|
0-0: Ball 1-0: Foul Ball, location: 2F 1-1: Ball 2-1: Foul Ball, location: 2F 2-2: SINGLE (Line Drive, 7LS, EV 93.8 MPH)
|
|
Batting: LHB Donny Kleinjan
|
0-0: SINGLE (Line Drive, 9LS, EV 88.1 MPH) Joe Petley to second
|
|
Batting: LHB Chien Sam
|
0-0: Ball 1-0: Swinging Strike 1-1: Foul Ball, location: 2F 1-2: Foul Ball, location: 2F 1-2: Foul Ball, location: 2F 1-2: Ground out 5-3 (Groundball, 56S, EV 83.1 MPH)
|
| Bottom of the 1st over - 0 runs, 3 hits, 0 errors, 2 left on base; University of North Carolina at Chapel Hill 0 - Stanford University 0 |
| TOP OF THE 2ND |
|
University of North Carolina at Chapel Hill Tar Heels batting - Pitching for Stanford University Cardinal : RHP Jesus Hernandez
|
|
Batting: RHB Jeremy Rollins
|
0-0: Called Strike 0-1: Foul Ball, location: 2F 0-2: Strikes out looking
|
|
Batting: SHB Jonathan Barrie
|
0-0: Called Strike 0-1: Foul Ball, location: 2F 0-2: Ball 1-2: Foul Ball, location: 2F 1-2: Foul Ball, location: 2F 1-2: Ball 2-2: Strikes out swinging
|
|
Batting: SHB Jim Saxon
|
0-0: Foul Ball, location: 2F 0-1: Ball 1-1: Ball 2-1: Ball 3-1: Foul Ball, location: 2F 3-2: Ground out 4-3 (Groundball, 4, EV 84.4 MPH)
|
| Top of the 2nd over - 0 runs, 0 hits, 0 errors, 0 left on base; University of North Carolina at Chapel Hill 0 - Stanford University 0 |
| BOTTOM OF THE 2ND |
|
Stanford University Cardinal batting - Pitching for University of North Carolina at Chapel Hill Tar Heels : LHP Gary Tuckfard
|
|
Batting: LHB Bryan Davidson
|
0-0: Ball 1-0: Fly out, F8 (Line Drive, 8RM, EV 93.8 MPH)
|
|
Batting: LHB Caleb Hartwell
|
0-0: Ball 1-0: Ball 2-0: Ball 3-0: Called Strike 3-1: Fly out, F8 (Flyball, 8LM, EV 91.9 MPH)
|
|
Batting: RHB Dzevat Koljevic
|
0-0: Foul Ball, location: 2F 0-1: Foul Ball, location: 2F 0-2: Ball 1-2: Foul Ball, location: 2F 1-2: Fly out, F9 (Flyball, 89S, EV 87.5 MPH)
|
| Bottom of the 2nd over - 0 runs, 0 hits, 0 errors, 0 left on base; University of North Carolina at Chapel Hill 0 - Stanford University 0 |
| TOP OF THE 3RD |
|
University of North Carolina at Chapel Hill Tar Heels batting - Pitching for Stanford University Cardinal : RHP Jesus Hernandez
|
|
Batting: RHB Tony Jennings
|
0-0: Called Strike 0-1: SINGLE (Groundball, 6D, EV 103.8 MPH)
|
|
Batting: LHB Juan Alvarado
|
0-0: SINGLE (Groundball, 3D, EV 101.2 MPH) Tony Jennings to second Runner from 2nd tries for 3rd, SAFE, no throw by RF
|
|
Batting: RHB Brandon Wilson
|
0-0: Called Strike 0-1: Swinging Strike 0-2: Ball 1-2: Ball 2-2: Strikes out looking
|
|
Batting: SHB Ryan Marsh
|
0-0: Swinging Strike 0-1: Foul Ball, location: 2F 0-2: Fielders Choice at 2nd, 4-6 (Groundball, 4, EV 98.1 MPH) Tony Jennings scores
|
|
Batting: RHB Bill Atley
|
0-0: Called Strike 0-1: Fly out, F8 (Flyball, 8LD, EV 104.4 MPH)
|
| Top of the 3rd over - 1 run, 2 hits, 0 errors, 1 left on base; University of North Carolina at Chapel Hill 1 - Stanford University 0 |
| BOTTOM OF THE 3RD |
|
Stanford University Cardinal batting - Pitching for University of North Carolina at Chapel Hill Tar Heels : LHP Gary Tuckfard
|
|
Batting: RHB Ted Hickey
|
0-0: Foul Ball, location: 2F 0-1: Called Strike 0-2: Foul Ball, location: 2F 0-2: Ground out 6-3 (Groundball, 6S, EV 78.1 MPH)
|
|
Batting: RHB John Van der Linden
|
0-0: Ball 1-0: Fly out, F9 (Flyball, 89S, EV 76.2 MPH)
|
|
Batting: RHB Joe Gabriel
|
0-0: Called Strike 0-1: Called Strike 0-2: Ball 1-2: Foul Ball, location: 2F 1-2: Foul Ball, location: 2F 1-2: Ball 2-2: Foul Ball, location: 2F 2-2: Fly out, F9 (Flyball, 9D, EV 104.4 MPH)
|
| Bottom of the 3rd over - 0 runs, 0 hits, 0 errors, 0 left on base; University of North Carolina at Chapel Hill 1 - Stanford University 0 |
| TOP OF THE 4TH |
|
University of North Carolina at Chapel Hill Tar Heels batting - Pitching for Stanford University Cardinal : RHP Jesus Hernandez
|
|
Batting: RHB Michael Houseman
|
0-0: Called Strike 0-1: Foul Ball, location: 2F 0-2: Fly out, F8 (Flyball, 89D, EV 99.4 MPH)
|
|
Batting: RHB Jeremy Rollins
|
0-0: Fly out, F9 (Flyball, 89D, EV 81.9 MPH)
|
|
Batting: SHB Jonathan Barrie
|
0-0: Ball 1-0: Ball 2-0: Called Strike 2-1: Fly out, F4 (Popup, 4M, EV 52.5 MPH)
|
| Top of the 4th over - 0 runs, 0 hits, 0 errors, 0 left on base; University of North Carolina at Chapel Hill 1 - Stanford University 0 |
| BOTTOM OF THE 4TH |
|
Stanford University Cardinal batting - Pitching for University of North Carolina at Chapel Hill Tar Heels : LHP Gary Tuckfard
|
|
Batting: RHB Joe Petley
|
0-0: SINGLE (Line Drive, 6D, EV 106.9 MPH)
|
|
Batting: LHB Donny Kleinjan
|
0-0: Ball 1-0: Foul Ball, location: 2F 1-1: Foul Ball, location: 2F 1-2: Ball 2-2: Foul Ball, location: 2F 2-2: Ball 3-2: Foul Ball, location: 2F 3-2: Fly out, F7 (Flyball, 7, EV 81.9 MPH)
|
|
Batting: LHB Chien Sam
|
0-0: Foul Ball, location: 2F 0-1: Foul Ball, location: 2F 0-2: Strikes out swinging
|
|
Batting: LHB Bryan Davidson
|
0-0: Ball 1-0: Foul Ball, location: 2F 1-1: Fielders Choice at 2nd, 5-4 (Groundball, 5, EV 90.6 MPH)
|
| Bottom of the 4th over - 0 runs, 1 hit, 0 errors, 1 left on base; University of North Carolina at Chapel Hill 1 - Stanford University 0 |
| TOP OF THE 5TH |
|
University of North Carolina at Chapel Hill Tar Heels batting - Pitching for Stanford University Cardinal : RHP Jesus Hernandez
|
|
Batting: SHB Jim Saxon
|
0-0: Fly out, F7 (Flyball, 78S, EV 85.6 MPH)
|
|
Batting: RHB Tony Jennings
|
0-0: Ball 1-0: Foul Ball, location: 2F 1-1: Ball 2-1: Ball 3-1: Foul Ball, location: 2F 3-2: Foul Ball, location: 2F 3-2: Foul Ball, location: 2F 3-2: Ground out U3 (Groundball, 34, EV 107.5 MPH)
|
|
Batting: LHB Juan Alvarado
|
0-0: Fly out, F9 (Flyball, 89S, EV 75.6 MPH)
|
| Top of the 5th over - 0 runs, 0 hits, 0 errors, 0 left on base; University of North Carolina at Chapel Hill 1 - Stanford University 0 |
| BOTTOM OF THE 5TH |
|
Stanford University Cardinal batting - Pitching for University of North Carolina at Chapel Hill Tar Heels : LHP Gary Tuckfard
|
|
Batting: LHB Caleb Hartwell
|
0-0: Fly out, F8 (Line Drive, 8LM, EV 92.5 MPH)
|
|
Batting: RHB Dzevat Koljevic
|
0-0: Ball 1-0: Foul Ball, location: 2F 1-1: Foul Ball, location: 2F 1-2: Strikes out looking
|
|
Batting: RHB Ted Hickey
|
0-0: Ball 1-0: Ground out 5-3 (Groundball, 5S, EV 86.9 MPH)
|
| Bottom of the 5th over - 0 runs, 0 hits, 0 errors, 0 left on base; University of North Carolina at Chapel Hill 1 - Stanford University 0 |
| TOP OF THE 6TH |
|
University of North Carolina at Chapel Hill Tar Heels batting - Pitching for Stanford University Cardinal : RHP Jesus Hernandez
|
|
Batting: RHB Brandon Wilson
|
0-0: Ball 1-0: Foul Ball, location: 2F 1-1: Ball 2-1: Foul Ball, location: 2F 2-2: Fly out, F7 (Flyball, 78M, EV 83.8 MPH)
|
|
Batting: SHB Ryan Marsh
|
0-0: Called Strike 0-1: Ball 1-1: Ball 2-1: Called Strike 2-2: Ball 3-2: Ground out 2-3 (Groundball, 13S, EV 66.9 MPH)
|
|
Batting: RHB Bill Atley
|
0-0: Ball 1-0: Called Strike 1-1: Ball 2-1: Foul Ball, location: 2F 2-2: Ball 3-2: Ground out 4-3 (Groundball, 4M, EV 86.9 MPH)
|
| Top of the 6th over - 0 runs, 0 hits, 0 errors, 0 left on base; University of North Carolina at Chapel Hill 1 - Stanford University 0 |
| BOTTOM OF THE 6TH |
|
Stanford University Cardinal batting - Pitching for University of North Carolina at Chapel Hill Tar Heels : LHP Gary Tuckfard
|
|
Batting: RHB John Van der Linden
|
0-0: Ball 1-0: Fly out, F1 (Line Drive, P, EV 69.4 MPH)
|
|
Batting: RHB Joe Gabriel
|
0-0: DOUBLE (Line Drive, 9LS, EV 103.1 MPH)
|
|
Batting: RHB Joe Petley
|
0-0: Called Strike 0-1: SINGLE (Flyball, 89S, EV 95.6 MPH) Joe Gabriel to third Runner from 3rd tries for Home, SAFE, throw by RF to home
|
|
Batting: LHB Donny Kleinjan
|
0-0: Ball 1-0: Ball 2-0: Ball 3-0: Called Strike 3-1: Grounds into double play, 4-6-3 (Groundball, 4, EV 89.4 MPH)
|
| Bottom of the 6th over - 1 run, 2 hits, 0 errors, 0 left on base; University of North Carolina at Chapel Hill 1 - Stanford University 1 |
| TOP OF THE 7TH |
|
University of North Carolina at Chapel Hill Tar Heels batting - Pitching for Stanford University Cardinal : RHP Jesus Hernandez
|
|
Batting: RHB Michael Houseman
|
0-0: SINGLE (Groundball, 34D, EV 105.6 MPH)
|
|
Batting: RHB Jeremy Rollins
|
0-0: Swinging Strike 0-1: Called Strike 0-2: SINGLE (Line Drive, 78S, EV 104.4 MPH) Michael Houseman to second
|
|
Batting: SHB Jonathan Barrie
|
0-0: Ball 1-0: SINGLE (Line Drive, 56D, EV 95.0 MPH) Michael Houseman to third Jeremy Rollins to second
|
|
Batting: SHB Jim Saxon
|
0-0: Swinging Strike 0-1: Called Strike 0-2: Ball 1-2: Ball 2-2: Ball 3-2: Base on Balls Michael Houseman scores Jeremy Rollins to third Jonathan Barrie to second
|
|
Pitching: LHP Larry Steen
|
|
|
Batting: RHB Tony Jennings
|
0-0: Ball 1-0: Called Strike 1-1: Called Strike 1-2: Ball 2-2: Strikes out swinging
|
|
Batting: LHB Juan Alvarado
|
0-0: Swinging Strike 0-1: Foul Ball, location: 2F 0-2: Ball 1-2: Foul Ball, location: 2F 1-2: Ball 2-2: Strikes out swinging
|
|
Batting: RHB Brandon Wilson
|
0-0: Ball 1-0: Ball 2-0: Fly out, F7 (Flyball, 78M, EV 91.2 MPH)
|
| Top of the 7th over - 1 run, 3 hits, 0 errors, 3 left on base; University of North Carolina at Chapel Hill 2 - Stanford University 1 |
| BOTTOM OF THE 7TH |
|
Stanford University Cardinal batting - Pitching for University of North Carolina at Chapel Hill Tar Heels : LHP Gary Tuckfard
|
|
Batting: LHB Chien Sam
|
0-0: SINGLE (Line Drive, 78M, EV 105.6 MPH)
|
|
Batting: LHB Bryan Davidson
|
0-0: Ball 1-0: Ball 2-0: Swinging Strike 2-1: Ball Wild Pitch! Chien Sam to second 3-1: Swinging Strike 3-2: Ground out 6-3 (Groundball, 6D, EV 108.1 MPH)
|
|
Pitching: RHP Ted Hurley
|
|
|
Batting: RHB Carlton Hookway
|
0-0: Called Strike 0-1: Ground out 6-3 (Groundball, 6, EV 84.4 MPH)
|
|
Pinch Hitting: LHB Andy Swan
|
0-0: Ball 1-0: Foul Ball, location: 2F 1-1: Foul Ball, location: 2F 1-2: Foul Ball, location: 2F 1-2: Ball 2-2: Strikes out looking
|
| Bottom of the 7th over - 0 runs, 1 hit, 0 errors, 1 left on base; University of North Carolina at Chapel Hill 2 - Stanford University 1 |
| TOP OF THE 8TH |
|
University of North Carolina at Chapel Hill Tar Heels batting - Pitching for Stanford University Cardinal : LHP Larry Steen
|
|
Pitching: RHP Eddie Georges
|
|
|
Now in RF: Josh Benefield
|
|
|
Batting: SHB Ryan Marsh
|
0-0: Foul Ball, location: 2F 0-1: Ball 1-1: Foul Ball, location: 2F 1-2: Ball 2-2: Foul Ball, location: 2F 2-2: Foul Ball, location: 2F 2-2: Ball 3-2: Ground out 4-3 (Groundball, 4, EV 98.1 MPH)
|
|
Batting: RHB Bill Atley
|
0-0: Ball 1-0: Ball 2-0: Ball 3-0: Called Strike 3-1: Foul Ball, location: 2F 3-2: Fly out, F9 (Flyball, 9LM, EV 105.0 MPH)
|
|
Batting: RHB Michael Houseman
|
0-0: Ball 1-0: Foul Ball, location: 2F 1-1: Swinging Strike 1-2: Ball 2-2: Ball 3-2: Fly out, F8 (Flyball, 8LD, EV 86.2 MPH)
|
| Top of the 8th over - 0 runs, 0 hits, 0 errors, 0 left on base; University of North Carolina at Chapel Hill 2 - Stanford University 1 |
| BOTTOM OF THE 8TH |
|
Stanford University Cardinal batting - Pitching for University of North Carolina at Chapel Hill Tar Heels : RHP Ted Hurley
|
|
Batting: RHB Ted Hickey
|
0-0: Called Strike 0-1: Fly out, F7 (Line Drive, 78M, EV 92.5 MPH)
|
|
Batting: RHB John Van der Linden
|
0-0: Ball 1-0: Foul Ball, location: 2F 1-1: Ball 2-1: Called Strike 2-2: Foul Ball, location: 2F 2-2: Fly out, F6 (Flyball, 56D, EV 81.2 MPH)
|
|
Batting: RHB Joe Gabriel
|
0-0: Called Strike 0-1: Fly out, F9 (Flyball, 89M, EV 81.9 MPH)
|
| Bottom of the 8th over - 0 runs, 0 hits, 0 errors, 0 left on base; University of North Carolina at Chapel Hill 2 - Stanford University 1 |
| TOP OF THE 9TH |
|
University of North Carolina at Chapel Hill Tar Heels batting - Pitching for Stanford University Cardinal : RHP Eddie Georges
|
|
Pitching: RHP John Hollinger
|
|
|
Batting: RHB Jeremy Rollins
|
0-0: Ball 1-0: Called Strike 1-1: Foul Ball, location: 2F 1-2: Fly out, F7 (Flyball, 78S, EV 76.9 MPH)
|
|
Batting: SHB Jonathan Barrie
|
0-0: Ball 1-0: Ground out 4-3 (Groundball, 4, EV 92.5 MPH)
|
|
Batting: SHB Jim Saxon
|
0-0: Foul Ball, location: 2F 0-1: Foul Ball, location: 2F 0-2: Ball 1-2: Ball 2-2: Ball 3-2: Base on Balls
|
|
Batting: RHB Tony Jennings
|
0-0: Ball 1-0: Called Strike 1-1: Called Strike 1-2: Strikes out looking
|
| Top of the 9th over - 0 runs, 0 hits, 0 errors, 1 left on base; University of North Carolina at Chapel Hill 2 - Stanford University 1 |
| BOTTOM OF THE 9TH |
|
Stanford University Cardinal batting - Pitching for University of North Carolina at Chapel Hill Tar Heels : RHP Ted Hurley
|
|
Pitching: RHP Herb Bickford
|
|
|
Batting: RHB Joe Petley
|
0-0: Ball 1-0: Ball 2-0: Ball 3-0: Called Strike 3-1: Base on Balls
|
|
Batting: LHB Donny Kleinjan
|
0-0: Called Strike 0-1: Foul Ball, location: 2F 0-2: Foul Ball, location: 2F 0-2: Strikes out swinging
|
|
Batting: LHB Chien Sam
|
0-0: Ball 1-0: Called Strike 1-1: Called Strike 1-2: Ball 2-2: Ball 3-2: Fly out, F9 (Flyball, 89M, EV 88.8 MPH)
|
|
Batting: LHB Bryan Davidson
|
0-0: Called Strike 0-1: Ball 1-1: Swinging Strike 1-2: Ball 2-2: Foul Ball, location: 2F 2-2: Foul Ball, location: 2F 2-2: Strikes out swinging
|
| Bottom of the 9th over - 0 runs, 0 hits, 0 errors, 1 left on base; University of North Carolina at Chapel Hill 2 - Stanford University 1 |
|